 Dungeon Crawl Stone Soup version 0.18.1-8-gdd0e5ea (webtiles) character file.

9 jacquesderrida the Charmwright (level 2, 13/22 HPs)
             Began as a Demonspawn Skald on May 22, 2016.
             Quit the game on level 1 of the Dungeon.
             The game lasted 00:00:34 (180 turns).

jacquesderrida the Charmwright (Demonspawn Skald)    Turns: 180, Time: 00:00:34

Health: 13/22      AC:  3    Str: 12    XL:     2   Next: 3%
Magic:  5/5        EV: 13    Int: 13    God:
Gold:   48         SH:  0    Dex: 12    Spells: 1 memorised, 4 levels left

rFire  . . .     SeeInvis .     a - +0 spear
rCold  . . .     Gourm    .     b - +0 leather armour
rNeg   . . .     Faith    .     (no shield)
rPois  .         Spirit   .     (no helmet)
rElec  .         Dismiss  .     (no cloak)
rCorr  .         Reflect  .     (no gloves)
SustAt .         Harm     .     (no boots)
MR     .....                    (no amulet)
Stlth  +.........               (no ring)
                                (no ring)

@: not resistant to hostile enchantments, very unstealthy
A: repulsion field 1
a: no special abilities


You were on level 1 of the Dungeon.
You were not hungry.

You visited 1 branch of the dungeon, and saw 1 of its levels.

You collected 48 gold pieces.

Inventory:

Hand Weapons
 a - a +0 spear (weapon)
Armour
 b - a +0 leather armour (worn)
Scrolls
 e - 2 scrolls of remove curse {unknown}
 h - a scroll of identify {unknown}
 i - a scroll of magic mapping {unknown}
Potions
 g - a potion of invisibility {unknown}
Books
 c - a book of Battle

   Spells                             Type                      Level
   a - Infusion                       Charms                       1
   b - Shroud of Golubria             Charms/Translocation         2
   c - Song of Slaying                Charms                       2
   d - Spectral Weapon                Hexes/Charms                 3
   e - Regeneration                   Charms/Necromancy            3
Comestibles
 d - a bread ration
 f - a meat ration


   Skills:
 + Level 2.0 Fighting
 + Level 1.9 Polearms
 + Level 1.0 Armour
 + Level 0.8 Dodging
 + Level 2.0 Spellcasting
 + Level 3.1 Charms


You had 4 spell levels left.
You knew the following spells:

 Your Spells              Type           Power        Failure   Level  Hunger
a - Infusion              Chrm           #...         12%         1    ##.....


Dungeon Overview and Level Annotations

Branches:
Dungeon (1/15)

Altars:


Innate Abilities, Weirdness & Mutations

You are surrounded by a mild repulsion field (EV +2).


Message History

No target in view!
i - a scroll labeled RUCLANEWAMP No target in view!
Key pressed, stopping explore.
No target in view!
A goblin comes into view. It is wielding a club.
The goblin shouts!
A goblin is nearby!
Attack whom?
Press: ? - help, Dir - move target cursor, f - goblin
Aim: a goblin, wielding a club You reach to attack!
You closely miss the goblin.
A goblin is nearby!
You hit the goblin.
You kill the goblin!
You have reached level 2!
Your demonic ancestry asserts itself...
You begin to radiate repulsive energy.
A giant cockroach comes into view.
Are you sure you want to abandon this character and quit the game? (Confirm with "yes".)

......†#.≈≈≈≈≈.#
##s........#.#.#.#.
......)..#.#.#.#.#
..........#.#.#.#. . .
.........#.#.#.#.# #.#
#.............>..#
#######.#####...............(.
........##.))........#.......
##.(........@...............#
#.......................†...#
#...........................#
#...................##.....##
#..................# ##...###
#.....)............##########
#..................##........
#####...............##..#........
......#.....##.......#..#........


You could see a giant cockroach (wandering).

Vanquished Creatures
  3 goblins (D:1)
  A hobgoblin (D:1)
  A bat (D:1)
  A giant newt (D:1)
  A kobold (D:1)
  2 rats (D:1)
9 creatures vanquished.

Notes
Turn   | Place    | Note
--------------------------------------------------------------
     0 | D:1      | jacquesderrida the Demonspawn Skald began the quest for the Orb.
     0 | D:1      | Reached XP level 1. HP: 16/16 MP: 3/3
    22 | D:1      | Reached skill level 1 in Armour
    84 | D:1      | Reached skill level 3 in Charms
   179 | D:1      | Gained mutation: You are surrounded by a mild repulsion field (EV +2). [demonic ancestry]
   179 | D:1      | Reached XP level 2. HP: 13/22 MP: 5/5
   180 | D:1      | Quit the game

Skill      XL: |  1 |
---------------+----+-----
Armour         | 1 |  1.0
Charms         | 3 |  3.1
Fighting       | |  2.0
Polearms       | |  1.9
Dodging        | |  0.8
Spellcasting   | |  2.0

Action                   || total
-------------------------++-------
Melee: Spear             ||    22
Armor: Leather armour    ||     1
Dodge: Dodged            ||     5
